 Dungeon Crawl Stone Soup version 0.28.0-62-gf88900778d (webtiles) character file.

Game seed: 14547767438109652521

1427356 AarnesTheHuman the Hawkeye (level 27, 135/199 HPs)
             Began as a Gnoll Fighter on Mar 20, 2023.
             Was the Champion of Okawaru.
             Escaped with the Orb
             ... and 3 runes on Sept 18, 2023!
             The game lasted 05:28:21 (97287 turns).

AarnesTheHuman the Hawkeye (Gnoll Fighter)         Turns: 97287, Time: 05:28:22

Health: 135/199    AC: 43    Str: 37    XL:     27
Magic:  40/40      EV: 25    Int: 21    God:    Okawaru [******]
Gold:   2117       SH: 26    Dex: 24    Spells: 8/62 levels left

rFire   + + .      SeeInvis +   a - +9 demon trident (flame)
rCold   + + .      Faith    .   m - +2 kite shield of Modesty {rC+ Str+4 Slay+4}
rNeg    . . .      Spirit   .   e - +5 gold dragon scales
rPois   +          Reflect  +   W - +1 helmet of Melancholy {rElec rPois Dex+4}
rElec   +          Harm     .   u - +2 cloak {Will+}
rCorr   +          Rampage  +   c - +0 pair of gloves of the Dwarven Hall {Will+ Str+3}
Will    ++++.      Clarity  +   z - +0 pair of boots of the Volcano {Rampage Str+7 Slay+3}
Stlth   +.........              i - amulet "Ivuok" {Reflect rPois Slay+6 SH+5}
HPRegen 0.43/turn               j - ring "Zosuysm" {rF+ rCorr Int+7 SInv Stlth-}
MPRegen 0.27/turn               U - ring of the Monkey's Uncle {Fly Str+2 Dex+6 Slay+3}

@: heroic, flying, hasted, studying Throwing, very quick
A: fangs 1, strong nose, distributed training, iridescent scales 1, clarity,
deterioration 1, frail 1, low MP 1, screaming 1
0: Orb of Zot
}: 3/15 runes: decaying, serpentine, silver
a: Renounce Religion, Heroism, Finesse, Duel


You escaped.
You worshipped Okawaru.
Okawaru was exalted by your worship.
You visited 11 branches of the dungeon, and saw 50 of its levels.
You also visited: Trove, Sewer, Bailey and Volcano.

You collected 8633 gold pieces.
You spent 6516 gold pieces at shops.

Inventory:

Hand Weapons
 a - a +9 demon trident of flaming (weapon)
 b - a +5 broad axe of freezing
 g - a +2 vampiric broad axe
 D - a +6 broad axe of draining
Missiles
 w - 43 curare-tipped darts
 A - 18 boomerangs
 B - 8 javelins (quivered)
 T - 6 silver boomerangs
Armour
 c - the +0 pair of gloves of the Dwarven Hall (worn) {Will+ Str+3}
   (You found it in a treasure trove)

   Str:       It affects your strength (+3).
   Will:      It increases your willpower.
 e - +5 gold dragon scales (worn)
 m - the +2 kite shield of Modesty (worn) {rC+ Str+4 Slay+4}
   (You found it on level 5 of the Dungeon)

   Str:       It affects your strength (+4).
   Slay:      It affects your accuracy & damage with ranged weapons and melee
   (+4).
   rC:        It protects you from cold.
 u - a +2 cloak of willpower (worn)
 z - the +0 pair of boots of the Volcano (worn) {Rampage Str+7 Slay+3}
   (You found it in a treasure trove)

   Str:       It affects your strength (+7).
   Slay:      It affects your accuracy & damage with ranged weapons and melee
   (+3).
   Rampage:   It bestows one free step when moving towards enemies.
 C - the +0 pair of fencer's gloves {Riposte Dex+3}
   (You found it in a treasure trove)

   It allows the wearer to riposte with melee weapons, swiftly retaliating
   against missed attacks.
   Dex:       It affects your dexterity (+3).
 W - the +1 helmet of Melancholy (worn) {rElec rPois Dex+4}
   (Okawaru gifted it to you on level 2 of the Depths)

   Dex:       It affects your dexterity (+4).
   rElec:     It insulates you from electricity.
   rPois:     It protects you from poison.
Jewellery
 i - the amulet "Ivuok" (around neck) {Reflect rPois Slay+6 SH+5}
   (You found it on level 3 of the Realm of Zot)

   [amulet of reflection]

   It reflects blocked missile attacks.
   Slay:      It affects your accuracy & damage with ranged weapons and melee
   (+6).
   rPois:     It protects you from poison.
   SH:        It affects your SH (+5).
 j - the ring "Zosuysm" (left hand) {rF+ rCorr Int+7 SInv Stlth-}
   (You bought it in a shop on level 3 of the Snake Pit)

   [ring of protection from fire]

   Int:       It affects your intelligence (+7).
   rF:        It protects you from fire.
   SInv:      It lets you see invisible.
   rCorr:     It protects you from acid and corrosion.
   Stlth:     It makes you less stealthy.
 k - a ring of protection from fire
 o - a ring of positive energy
 F - a ring of willpower
 I - a ring of poison resistance
 Q - the ring "Nemew" {Wiz Dex+6}
   (You found it on level 2 of the Snake Pit)

   [ring of wizardry]

   It improves your spell success rate.
   Dex:       It affects your dexterity (+6).
 U - the ring of the Monkey's Uncle (right hand) {Fly Str+2 Dex+6 Slay+3}
   (You found it on level 2 of the Snake Pit)

   [ring of dexterity]

   Str:       It affects your strength (+2).
   Dex:       It affects your dexterity (+6).
   Slay:      It affects your accuracy & damage with ranged weapons and melee
   (+3).
   Fly:       It grants you flight.
Wands
 n - a wand of acid (6)
 y - a wand of digging (21)
 M - a wand of iceblast (50)
 S - a wand of mindburst (18)
 X - a wand of paralysis (9)
Scrolls
 t - a scroll of silence
 x - 4 scrolls of blinking
 G - 8 scrolls of fear
 H - 6 scrolls of magic mapping
 K - 5 scrolls of fog
 O - 18 scrolls of teleportation
 V - 7 scrolls of holy word
Potions
 d - 6 potions of might
 f - 5 potions of lignification
 h - 3 potions of invisibility
 p - 12 potions of heal wounds
 q - 6 potions of cancellation
 r - 12 potions of curing
 v - 8 potions of brilliance
 J - 3 potions of magic
 L - 8 potions of mutation
 P - 6 potions of haste
 R - 3 potions of ambrosia
 Z - 2 potions of resistance
Miscellaneous
 s - a tin of tremorstones (2/2)
 E - a condenser vane
 N - a lightning rod (4/4)


   Skills:
 + Level 19.3(24.3) Fighting
 + Level 18.4(23.4) Short Blades
 + Level 18.4(23.4) Long Blades
 + Level 18.4(23.4) Axes
 + Level 18.4(23.4) Maces & Flails
 + Level 18.9(23.9) Polearms
 + Level 18.4(23.4) Staves
 + Level 18.4(23.4) Slings
 + Level 18.4(23.4) Bows
 + Level 18.4(23.4) Crossbows
 + Level 23.2(27) Throwing
 + Level 19.3(24.3) Armour
 + Level 18.4(23.4) Dodging
 + Level 18.4(23.4) Stealth
 + Level 19.3(24.3) Shields
 + Level 18.4(23.4) Unarmed Combat
 + Level 18.4 Spellcasting
 + Level 15.6 Conjurations
 + Level 15.6 Hexes
 + Level 15.6 Summonings
 + Level 15.6 Necromancy
 + Level 15.6 Translocations
 + Level 15.6 Transmutations
 + Level 15.6 Fire Magic
 + Level 15.6 Ice Magic
 + Level 15.6 Air Magic
 + Level 15.6 Earth Magic
 + Level 15.6 Poison Magic
 + Level 19.9 Invocations
 + Level 18.4 Evocations


You had 8 spell levels left.
You knew the following spells:

 Your Spells              Type           Power      Damage    Failure   Level
a - Wereblood             Tmut           71%        N/A       1%          2
b - Frozen Ramparts       Ice            100%       1d12      1%          3
c - Stone Arrow           Conj/Erth      100%       3d13      1%          3
d - Freezing Cloud        Conj/Ice/Air   35%        6-21      1%          5
e - Blink                 Tloc           100%       N/A       1%          2
f - Passage of Golubria   Tloc           71%        N/A       1%          4
g - Mephitic Cloud        Conj/Pois/Air  71%        N/A       1%          3
h - Iron Shot             Conj/Erth      35%        9d7       3%          6
i - Yara's Violent Unrav  Hex/Tmut       35%        3d14      1%          5
j - Borgnjor's Vile Clut  Necr/Erth      35%        N/A       1%          5
k - Poisonous Vapours     Pois/Air       100%       N/A       1%          2
l - Olgreb's Toxic Radia  Pois           71%        N/A       1%          4
m - Irradiate             Conj/Tmut      35%        3d25      1%          5
n - Manifold Assault      Tloc           71%        N/A       1%          5

Your spell library contained the following spells:

 Spells                   Type           Power      Damage    Failure   Level
 Apportation              Tloc           100%       N/A       1%          1
 Foxfire                  Conj/Fire      100%       2x1d9     1%          1
 Freeze                   Ice            100%       1d11      1%          1
 Magic Dart               Conj           100%       1d8       1%          1
 Shock                    Conj/Air       100%       1d9       1%          1
 Sting                    Tmut/Pois      100%       1d8       1%          1
 Static Discharge         Conj/Air       71%        N/A       1%          2
 Sublimation of Blood     Necr           71%        N/A       1%          2
 Confusing Touch          Hex            71%        N/A       1%          3
 Conjure Flame            Conj/Fire      71%        6-21      1%          3
 Dazzling Flash           Conj/Hex       100%       N/A       1%          3
 Ignite Poison            Fire/Tmut/Pois 71%        N/A       1%          3
 Inner Flame              Hex/Fire       71%        N/A       1%          3
 Portal Projectile        Hex/Tloc       100%       N/A       1%          3
 Swiftness                Air            71%        N/A       1%          3
 Airstrike                Air            35%        N/A       1%          4
 Anguish                  Hex/Necr       35%        N/A       1%          4
 Cause Fear               Hex            35%        N/A       1%          4
 Flame Wave               Conj/Fire      71%        2d13      1%          4
 Hailstorm                Conj/Ice       71%        3d15      1%          4
 Leda's Liquefaction      Hex/Erth       35%        N/A       1%          4
 Petrify                  Tmut/Erth      71%        N/A       1%          4
 Agony                    Necr           71%        N/A       1%          5
 Blade Hands              Tmut           35%        N/A       1%          5
 Iskenderun's Battlesphe  Conj           71%        2d12      1%          5
 Lightning Bolt           Conj/Air       35%        1d53      1%          5
 Metabolic Englaciation   Hex/Ice        35%        N/A       1%          5
 Silence                  Hex/Air        35%        N/A       1%          5
 Conjure Ball Lightning   Conj/Air       35%        3x3d11    3%          6
 Eringya's Noxious Bog    Tmut/Pois      35%        N/A       3%          6
 Statue Form              Tmut/Erth      47%        N/A       3%          6
 Dragon Form              Tmut           35%        N/A       21%         7
 Enfeeble                 Hex            35%        N/A       21%         7
 Storm Form               Tmut/Air       35%        N/A       21%         7
 Discord                  Hex            35%        N/A       83%         8
 Lehudib's Crystal Spear  Conj/Erth      35%        10d9      83%         8
 Animate Skeleton         Necr           Unusable   N/A       N/A         1
 Summon Small Mammal      Summ           Unusable   N/A       N/A         1
 Call Imp                 Summ           Unusable   N/A       N/A         2
 Call Canine Familiar     Summ           Unusable   N/A       N/A         3
 Summon Guardian Golem    Hex/Summ       Unusable   N/A       N/A         3
 Tukima's Dance           Hex            Unusable   N/A       N/A         3
 Animate Armour           Summ/Erth      Unusable   N/A       N/A         4
 Animate Dead             Necr           Unusable   N/A       N/A         4
 Summon Lightning Spire   Summ/Air       Unusable   N/A       N/A         4
 Death Channel            Necr           Unusable   N/A       N/A         6
 Malign Gateway           Summ/Tloc      Unusable   N/A       N/A         7
 Spellforged Servitor     Conj/Summ      Unusable   N/A       N/A         7
 Summon Hydra             Summ           Unusable   N/A       N/A         7
 Dragon's Call            Summ           Unusable   N/A       N/A         9

Dungeon Overview and Level Annotations

Branches:
Dungeon (15/15)            Temple (1/1) D:7            Lair (6/6) D:11
  Swamp (4/4) Lair:3        Snake (4/4) Lair:3        Slime (0/5) Lair:6
    Orc (2/2) D:12            Elf (3/3) Orc:2        Vaults (5/5) D:13
  Crypt (0/3) Vaults:2     Depths (4/4) D:15           Hell (visited)
    Zot (5/5) Depths:4      Sewer (visited)          Bailey (visited)
Volcano (visited)
    Dis: Hell:1         Geh: Hell:1         Coc: Hell:1         Tar: Hell:1

Altars:
Ashenzari
Cheibriados
Dithmenos
Elyvilon
Fedhas
Gozag
Hepliaklqana
Kikubaaqudgha
Makhleb
Nemelex Xobeh
Okawaru
Qazlal
Ru
Sif Muna
Trog
Uskayaw
Vehumet
Wu Jian
Xom
Yredelemnul
Zin
The Shining One
Beogh

Shops:
Orc:1 :   Orc:2 ?![:   Elf:2 *   Elf:3 !   Snake:2 ((   Snake:3 ==::
Snake:4 [   Vaults:1 !   Vaults:4 :[(

Portals:
Hell: Lair:6 Depths:1 Depths:2 Depths:3 Depths:4
Abyss: Depths:1 Depths:3 Depths:4
Pandemonium: Depths:2
Ziggurat: Depths:2

Annotations:
D:8 4 runed translucent doors, exclusion: 4 doors, Maggie
D:9 exclusion: downstairs
D:14 exclusion: downstairs
Lair:3 exclusion: downstairs
Swamp:1 exclusion: downstairs
Swamp:3 exclusion: downstairs
Snake:2 exclusion: downstairs
Snake:3 2 transporters, exclusion: downstairs, Alonuene's ghost, journeyman NaIE
Snake:4 1 runed translucent door, littlecub's ghost, journeyman DsGl
Elf:1 6 runed translucent doors, exclusion: 6 doors
Vaults:1 exclusion: 2 downstairs
Depths:3 exclusion: downstairs
Zot:3 3 runed translucent doors, exclusions: 3 doors and downstairs, Dawneret's ghost, master GnFi
Zot:4 exclusion: 2 downstairs


Innate Abilities, Weirdness & Mutations

You have very sharp teeth.
Your uncanny sense of smell can sniff out nearby items.
Your experience applies equally to all skills.
You are partially covered in iridescent scales. (AC +2)
You possess an exceptional clarity of mind.
Your body sometimes deteriorates upon taking damage.
You are frail. (-10% HP)
Your magical capacity is low. (-10% MP)
You occasionally shout uncontrollably at your foes.


Message History

(P) Snake Pit (M) Slime Pits (O) Orcish Mines (E) Elven Halls (V) Vaults (C) Crypt (U) Depths (H) Hell (Z) Zot
Where to? (Enter - D:1, ? - help) Magic restored.
There is a stone staircase leading up here.
You fly upwards.
There is a stone staircase leading down here.
A Rangir and a neqoxec come into view.
Blink to where?
Press: ? - help, Dir - move target
As you read the scroll of blinking, it crumbles to dust.
Rangir moves out of view.
The neqoxec moves out of view.
There's nothing to close nearby.
Unknown command.
Okay, then.
Unknown command.
Blink to where?
Press: ? - help, Dir - move target
As you read the scroll of blinking, it crumbles to dust.
Aiming: Dig
Press: ? - help, Shift-Dir - straight line A rock wall.
This square is covered in magical glow.
The rock shatters into small pieces.
You feel yourself speed up.
A Hell Sentinel comes into view.
The Hell Sentinel moves out of view.
A shadow demon and 2 demonspawn corrupters come into view.
There is an open gate here.
The shadow demon gives a loud, deep croak!
The demonspawn corrupter shouts!
Throw: 8 javelins
Press: ? - help, Q - select action, (/) - cycle Shift-Dir - straight line, f - shadow demon
Aim: a shadow demon (81% to hit)
Okay, then.
Blink to where?
Press: ? - help, Dir - move target
As you read the scroll of blinking, it crumbles to dust.
You have escaped!

###################
#....#...8...#....#
#.⌠..'.8..68.#..@.#
#....#..6⌠...#....#
#....#.2...8.'....#
###..#.......#..###
.♣####....8..####
.♣♣♣ #.......# ♣♣♣
...♣♣###...###♣♣.♣
....♣♣♣#'''#♣♣♣..♣#
##♣......(........#


There were no monsters in sight!

Vanquished Creatures
  Tiamat (Zot:5)
  5 dread liches
  6 orbs of fire (Zot:5)
  2 ancient liches
  A juggernaut (Depths:4)
  Sojobo (Vaults:2)
  3 Killer Klowns (Zot:5)
  Vashnia (Snake:4)
  3 curse toes
  8 caustic shrikes (Depths:4)
  Jory (Vaults:4)
  17 golden dragons
  Geryon (Arena)
  A bone dragon (Swamp:4)
  3 electric golems
  An iron giant (Zot:3)
  28 Orb Guardians
  15 tentacled monstrosities
  8 titans
  6 liches
  Rupert (D:15)
  3 deep elf blademasters (Elf:3)
  A walking frostbound tome (Depths:4)
  7 quicksilver dragons
  2 deep elf master archers (Elf:3)
  A walking earthen tome (Depths:4)
  A quicksilver dragon (shapeshifter) (Vaults:5)
  5 death cobs
  2 sphinxes (Vaults:4)
  9 shadow dragons
  A thorn hunter (Swamp:4)
  10 tengu reavers
  25 storm dragons
  Agnes (Elf:2)
  14 draconian monks
  A daeva (D:2)
  Donald (Swamp:4)
  Roxanne (D:15)
  Kirke (Elf:1)
  4 nagarajas
  11 fire giants
  12 draconian scorchers
  2 orc warlords (Vaults:2)
  5 draconian knights
  9 deep elf sorcerers (Elf:3)
  Louise (D:14)
  9 frost giants
  14 vault wardens
  3 iron dragons
  A ghost moth (Zot:5)
  4 draconian shifters
  6 draconian annihilators
  Aizul (Snake:4)
  6 deep elf elementalists (Elf:3)
  A juggernaut zombie (Depths:3)
  2 draconian stormcallers
  2 spriggan defenders (Depths:4)
  A war gargoyle (Vaults:5)
  2 angels
  19 ironbound preservers
  9 very ugly things
  10 ironbound thunderhulks
  13 stone giants
  2 vampire knights (Depths:2)
  10 green draconians
  12 deep elf demonologists
  12 deep elf annihilators
  7 black draconians
  4 dire elephants (Vaults:4)
  3 eleionomae
  8 purple draconians
  11 yellow draconians
  13 red draconians
  9 white draconians
  5 bunyips
  16 spark wasps
  A blizzard demon (Zot:1)
  6 deep elf death magi
  2 green deaths
  7 ettins
  8 fire dragons
  7 great orbs of eyes
  15 deep elf high priests
  7 yaktaur captains
  A juggernaut simulacrum (Depths:3)
  10 ice dragons
  A salamander tyrant (Snake:4)
  Erolcha (Orc:2)
  12 naga warriors
  A hell beast (Lair:6)
  6 boulder beetles
  A rakshasa (Depths:2)
  45 vault guards
  7 spriggan air magi
  21 hydras
  12 ironbound frosthearts
  A caustic shrike simulacrum (Depths:3)
  The ghost of GreatCaesar the Thaumaturge, a journeyman DjCA of Ignis (D:9)
  2 ogre magi (Vaults:5)
  9 deep troll earth magi
  2 catoblepae (Zot:3)
  4 death yaks (Lair:5)
  2 death knights (Vaults:2)
  14 anacondas
  2 centaur warriors
  3 two-headed ogres
  28 dancing weapons
  9 alligators
  6 tengu warriors
  3 vampire magi
  19 hell knights
  6 spriggan berserkers
  8 deep troll shamans
  15 naga sharpshooters
  2 soul eaters
  2 orc high priests
  Sonja (Lair:2)
  A sun demon (Depths:4)
  7 shock serpents
  17 deep elf knights
  13 iron trolls
  5 salamander mystics
  4 skeletal warriors (D:14)
  A shadow wraith (Vaults:2)
  58 deep trolls
  4 goliath frogs
  4 swamp dragons
  A flayed ghost (Depths:4)
  6 spriggan druids
  A deep troll (shapeshifter) (Vaults:5)
  7 wizards
  5 naga ritualists
  A golden dragon skeleton (Depths:3)
  17 deep elf archers
  4 lindwurms
  7 bog bodies
  Pikel (D:9)
  15 ironbound convokers
  12 orc knights
  9 phantasmal warriors
  A sphinx zombie (Vaults:5)
  7 mana vipers
  37 deep elf zephyrmancers
  A shadow dragon zombie (Vaults:2)
  An orange crystal statue (Zot:5)
  7 necromancers
  27 ugly things
  14 orc sorcerers
  26 deep elf pyromancers
  An oklob plant (Swamp:4)
  2 cyclopes (D:15)
  2 will-o-the-wisps
  A large abomination (D:15)
  7 manticores
  A cyclops (shapeshifter) (Elf:1)
  17 salamanders
  12 moths of wrath
  A stone giant skeleton (Vaults:5)
  A sphinx skeleton (Depths:3)
  8 guardian serpents
  20 elephants
  17 vault sentinels
  A rust devil (Depths:2)
  43 black mambas
  10 naga magi
  2 molten gargoyles (Volcano)
  A smoke demon (Lair:6)
  8 cane toads
  2 torpor snails
  2 orange demons (Lair:6)
  2 swamp worm zombies (Swamp:4)
  A yaktaur zombie (Vaults:5)
  A kobold demonologist (D:13)
  30 yaktaurs
  An unseen horror (D:11)
  4 rime drakes (Lair:6)
  An efreet (D:12)
  3 komodo dragons
  2 freezing wraiths (D:12)
  4 red devils
  An ice devil (Lair:6)
  3 tengu conjurers (Depths:1)
  A yaktaur skeleton (Vaults:5)
  4 hydra zombies (Swamp:4)
  A polar bear (Lair:2)
  3 bloated husks
  15 hornets
  A tengu simulacrum (Vaults:2)
  7 trolls
  A tarantella (shapeshifter) (Vaults:4)
  12 tyrant leeches
  3 spectral swamp dragons (Swamp:4)
  28 slime creatures
  25 blink frogs
  A blink frog (shapeshifter) (Depths:4)
  A slime creature (shapeshifter) (Vaults:5)
  5 alligator zombies (Swamp:4)
  3 dream sheep (shapeshifter)
  A jumping spider (shapeshifter) (D:15)
  5 air elementals
  15 spriggans
  A ynoxinul (Depths:2)
  60 yaks
  3 water elementals
  7 wyverns
  4 basilisks
  2 fire bats (Volcano)
  A basilisk (shapeshifter) (Depths:2)
  3 hogs (Elf:1)
  3 fire elementals
  17 vampire mosquitoes
  A redback simulacrum (D:15)
  36 nagas
  8 wargs
  12 swamp worms
  2 swamp worms (shapeshifter) (Vaults:5)
  2 acid dragons
  4 hell hounds (Lair:6)
  12 water moccasins
  2 sky beasts (D:7)
  A swamp drake (Swamp:1)
  43 orc warriors
  3 swamp dragon zombies (Swamp:4)
  A necrophage (D:11)
  A tengu (shapeshifter) (Elf:1)
  A wolf (shapeshifter) (Vaults:5)
  10 ogres
  9 wolves
  9 centaurs
  5 phantoms (Swamp:4)
  A human skeleton (Vaults:2)
  7 kobold brigands
  A human zombie (Vaults:2)
  4 earth elementals
  9 bullfrogs
  A scorpion (D:5)
  A water moccasin zombie (D:5)
  11 electric eels
  6 howler monkeys
  7 wights
  9 centaur zombies
  A bullfrog zombie (D:7)
  2 centaur skeletons
  2 hounds
  6 lava snakes (Volcano)
  A jelly (Lair:6)
  2 bullfrog skeletons
  12 orc priests
  5 hell rats (Lair:6)
  5 iguanas
  24 orc wizards
  3 spectral swamp drakes (Swamp:4)
  A killer bee zombie (D:6)
  2 mummies (D:12)
  4 gnolls (D:4)
  18 river rats
  16 adders
  A howler monkey skeleton (D:7)
  2 swamp drake zombies (Swamp:4)
  2 shadow imps
  2 white imps
  7 worms
  7 dart slugs
  75 orcs
  11 endoplasms
  4 giant cockroaches
  11 goblins
  9 hobgoblins
  12 jackals
  15 quokkas
  18 ball pythons
  14 bats
  7 frilled lizards
  14 kobolds
  23 rats
2091 creatures vanquished.

Vanquished Creatures (others)
  A death cob (Zot:1)
  A shadow dragon (Zot:3)
  2 fire giants (Depths:3)
  A deep elf knight (Elf:1)
  A spriggan druid (Swamp:1)
  2 bloated husks
  A hornet (Depths:4)
  A spriggan (Depths:4)
  A naga (Snake:3)
  A swamp worm (Swamp:2)
  2 orc wizards (Orc:2)
  19 foxfires
  36 fungi
  86 plants
155 creatures vanquished.

Grand Total: 2246 creatures vanquished

Notes
Turn   | Place    | Note
-------+----------+-------------------------------------------
     0 | D:1      | AarnesTheHuman the Gnoll Fighter began the quest for the
                  | Orb.
     0 | D:1      | Reached XP level 1. HP: 23/23 MP: 1/1
   128 | D:1      | Reached XP level 2. HP: 16/29 MP: 2/2
   486 | D:1      | Reached XP level 3. HP: 33/35 MP: 3/3
   675 | D:1      | Reached skill level 1 in Invocations
  1097 | D:2      | Reached skill level 1 in Short Blades
  1097 | D:2      | Reached skill level 1 in Long Blades
  1097 | D:2      | Reached skill level 1 in Axes
  1097 | D:2      | Reached skill level 1 in Maces & Flails
  1097 | D:2      | Reached skill level 1 in Staves
  1097 | D:2      | Reached skill level 1 in Slings
  1097 | D:2      | Reached skill level 1 in Bows
  1097 | D:2      | Reached skill level 1 in Crossbows
  1097 | D:2      | Reached skill level 1 in Throwing
  1097 | D:2      | Reached skill level 1 in Dodging
  1097 | D:2      | Reached skill level 1 in Stealth
  1097 | D:2      | Reached skill level 1 in Unarmed Combat
  1097 | D:2      | Reached skill level 1 in Spellcasting
  1097 | D:2      | Reached skill level 1 in Evocations
  1116 | D:2      | Reached XP level 4. HP: 39/41 MP: 5/5
  1140 | D:2      | Found a faded altar of an unknown god.
  1448 | D:2      | Reached skill level 1 in Conjurations
  1448 | D:2      | Reached skill level 1 in Hexes
  1448 | D:2      | Reached skill level 1 in Summonings
  1448 | D:2      | Reached skill level 1 in Necromancy
  1448 | D:2      | Reached skill level 1 in Translocations
  1448 | D:2      | Reached skill level 1 in Transmutations
  1448 | D:2      | Reached skill level 1 in Fire Magic
  1448 | D:2      | Reached skill level 1 in Ice Magic
  1448 | D:2      | Reached skill level 1 in Air Magic
  1448 | D:2      | Reached skill level 1 in Earth Magic
  1448 | D:2      | Reached skill level 1 in Poison Magic
  1880 | D:3      | Reached XP level 5. HP: 40/47 MP: 6/6
  2083 | D:3      | Identified the ring of Optimism {rPois Dex+6 Stlth+}
  2159 | D:3      | Identified the +6 scimitar of Disembowelment {elec, rElec
                  | Int+4}
  2258 | D:3      | Found a shadowy altar of Dithmenos.
  2622 | D:3      | Found a hide-covered altar of Uskayaw.
  2622 | D:3      | Found a hazy altar of Hepliaklqana.
  2730 | D:4      | Reached XP level 6. HP: 53/53 MP: 8/8
  2908 | D:4      | Reached skill level 5 in Polearms
  2989 | D:4      | Reached skill level 2 in Throwing
  3097 | D:4      | Found a shimmering altar of Xom.
  3745 | D:4      | Found an ancient bone altar of Kikubaaqudgha.
  3996 | D:4      | Reached XP level 7. HP: 41/60 MP: 10/10
  4241 | D:5      | Entered Level 5 of the Dungeon
  4594 | D:5      | Identified the +2 kite shield of Modesty {rC+ Str+4 Slay+4}
  4846 | D:5      | Found a glowing golden altar of the Shining One.
  5057 | D:6      | Reached XP level 8. HP: 67/67 MP: 12/12
  5262 | D:6      | Found a glowing drain.
  5266 | Sewer    | Entered a sewer
  5275 | Sewer    | Reached skill level 3 in Throwing
  6659 | D:7      | Identified a scroll of acquirement
  6807 | D:7      | Found a staircase to the Ecumenical Temple.
  6823 | Temple   | Entered the Ecumenical Temple
  7031 | Temple   | Became a worshipper of Warmaster Okawaru
  7148 | D:7      | Reached * piety under Okawaru
  7149 | D:7      | Reached XP level 9. HP: 68/72 MP: 14/14
  7321 | D:7      | Found a sacrificial altar of Ru.
  7327 | D:7      | Found a glowing silver altar of Zin.
  7332 | D:7      | Found a stormy altar of Qazlal.
  7529 | D:8      | Reached skill level 4 in Throwing
  7666 | D:8      | Reached ** piety under Okawaru
  7841 | D:8      | Reached skill level 5 in Invocations
  8033 | D:8      | Found a huge runed translucent gate.
  8033 | D:8      | Found a huge runed translucent gate.
  8033 | D:8      | Found a huge runed translucent gate.
  8033 | D:8      | Noticed a polar bear
  8033 | D:8      | Noticed a death yak
  8033 | D:8      | Noticed Maggie
  8034 | D:8      | Noticed a polar bear
  8035 | D:8      | Found a huge runed translucent gate.
  8035 | D:8      | Noticed a polar bear
  8036 | D:8      | Noticed a polar bear
  8037 | D:8      | Noticed a polar bear
  8050 | D:8      | Noticed a polar bear
  8185 | D:8      | Reached XP level 10. HP: 41/80 MP: 17/17
  8543 | D:9      | Noticed GreatCaesar's ghost (journeyman DjCA)
  8546 | D:9      | Found a runed translucent door.
  8561 | D:9      | Reached *** piety under Okawaru
  8562 | D:9      | Reached skill level 5 in Short Blades
  8562 | D:9      | Reached skill level 5 in Long Blades
  8562 | D:9      | Reached skill level 5 in Axes
  8562 | D:9      | Reached skill level 5 in Maces & Flails
  8562 | D:9      | Reached skill level 5 in Staves
  8562 | D:9      | Reached skill level 5 in Slings
  8562 | D:9      | Reached skill level 5 in Bows
  8562 | D:9      | Reached skill level 5 in Crossbows
  8562 | D:9      | Reached skill level 5 in Throwing
  8562 | D:9      | Reached skill level 5 in Dodging
  8562 | D:9      | Reached skill level 5 in Stealth
  8562 | D:9      | Reached skill level 5 in Unarmed Combat
  8562 | D:9      | Reached skill level 5 in Spellcasting
  8562 | D:9      | Reached skill level 5 in Evocations
  8699 | D:9      | Found a flagged portal.
  8708 | Bailey   | Entered a bailey
  8963 | Bailey   | Found a burning altar of Makhleb.
  9046 | D:9      | Noticed Pikel
  9057 | D:9      | Killed Pikel
  9057 | D:9      | Reached **** piety under Okawaru
  9338 | D:9      | Found a shimmering blue altar of Sif Muna.
  9537 | D:10     | Entered Level 10 of the Dungeon
  9539 | D:10     | Received a gift from Okawaru
  9605 | D:10     | You fall into a shaft and drop 2 floors!
  9605 | D:12     | Noticed a manticore
  9614 | D:12     | Killed a manticore
  9625 | D:12     | Found a staircase to the Orcish Mines.
  9667 | D:12     | Reached XP level 11. HP: 46/87 MP: 19/19
  9871 | D:12     | Found a runed translucent door.
  9873 | D:12     | Noticed a stone giant
  9875 | D:12     | Noticed a great orb of eyes
  9875 | D:12     | Noticed a centaur warrior
  9884 | D:12     | Noticed a two-headed ogre
  9932 | D:11     | Reached skill level 6 in Throwing
  9984 | D:11     | Found a portal to a secret trove of treasure.
 10054 | D:10     | Reached skill level 5 in Conjurations
 10054 | D:10     | Reached skill level 5 in Hexes
 10054 | D:10     | Reached skill level 5 in Summonings
 10054 | D:10     | Reached skill level 5 in Necromancy
 10054 | D:10     | Reached skill level 5 in Translocations
 10054 | D:10     | Reached skill level 5 in Transmutations
 10054 | D:10     | Reached skill level 5 in Fire Magic
 10054 | D:10     | Reached skill level 5 in Ice Magic
 10054 | D:10     | Reached skill level 5 in Air Magic
 10054 | D:10     | Reached skill level 5 in Earth Magic
 10054 | D:10     | Reached skill level 5 in Poison Magic
 10103 | D:10     | Reached ***** piety under Okawaru
 10105 | D:10     | Received a gift from Okawaru
 10118 | D:10     | Noticed a two-headed ogre
 10129 | D:10     | Killed a two-headed ogre
 10252 | D:10     | Received a gift from Okawaru
 10870 | D:11     | Noticed a manticore
 10880 | D:11     | Killed a manticore
 11209 | D:11     | Identified the +4 chain mail of Impatience {rF+ rCorr
                  | Dex+4} (Okawaru gifted it to you on level 11 of the
                  | Dungeon)
 11209 | D:11     | Received a gift from Okawaru
 11354 | D:11     | Found a staircase to the Lair.
 11523 | D:12     | Killed a two-headed ogre
 11524 | D:12     | Reached XP level 12. HP: 80/96 MP: 20/22
 11685 | D:12     | Found a radiant altar of Vehumet.
 11704 | D:12     | Noticed a seven-headed hydra
 11712 | D:12     | Killed a seven-headed hydra
 11814 | D:12     | Noticed a five-headed hydra
 11821 | D:12     | Killed a five-headed hydra
 11822 | D:12     | Reached skill level 7 in Throwing
 11971 | D:12     | Noticed a boulder beetle
 11985 | D:12     | Killed a boulder beetle
 12466 | Lair:1   | Entered Level 1 of the Lair of Beasts
 12516 | Lair:1   | Noticed a seven-headed hydra
 12523 | Lair:1   | Killed a seven-headed hydra
 12573 | Lair:1   | Identified the +1 leather armour of Elitism {Dex+2 SInv}
 12754 | Lair:1   | Reached skill level 10 in Fighting
 12754 | Lair:1   | Reached skill level 10 in Armour
 12754 | Lair:1   | Reached skill level 10 in Shields
 13467 | Lair:2   | Noticed a six-headed hydra
 13479 | Lair:2   | Killed a six-headed hydra
 13545 | Lair:2   | Noticed Sonja
 13553 | Lair:2   | Killed Sonja
 13557 | Lair:2   | Received a gift from Okawaru
 13655 | Lair:2   | Noticed a boulder beetle
 13666 | Lair:2   | Killed a boulder beetle
 13742 | Lair:2   | Noticed an eight-headed hydra
 13748 | Lair:2   | Killed an eight-headed hydra
 13749 | Lair:2   | Reached XP level 13. HP: 103/103 MP: 24/24
 14404 | Lair:3   | Found a staircase to the Snake Pit.
 14437 | Lair:3   | Reached skill level 8 in Throwing
 14546 | Lair:3   | Found a runed translucent door.
 14641 | Lair:3   | Received a gift from Okawaru
 14718 | Lair:3   | Found a staircase to the Swamp.
 14995 | Lair:3   | Identified the +0 buckler "Gamn" {Str+3 SInv} (Okawaru
                  | gifted it to you on level 3 of the Lair of Beasts)
 14995 | Lair:3   | Received a gift from Okawaru
 15636 | Lair:3   | Found a staircase to the Snake Pit.
 16125 | Lair:3   | Found a staircase to the Swamp.
 16418 | Lair:4   | You fall into a shaft and drop 2 floors!
 16418 | Lair:6   | Entered Level 6 of the Lair of Beasts
 16676 | Lair:5   | Found a dark tunnel.
 16687 | Volcano  | Entered a volcano
 17011 | Volcano  | Found a burning altar of Makhleb.
 17020 | Volcano  | Reached skill level 10 in Polearms
 17023 | Volcano  | Reached XP level 14. HP: 113/113 MP: 19/26
 17610 | Lair:5   | Reached skill level 9 in Throwing
 18246 | Lair:5   | Learned a level 2 spell: Wereblood
 18275 | Lair:5   | Received a gift from Okawaru
 18346 | Lair:5   | Reached ****** piety under Okawaru
 18346 | Lair:5   | Received a gift from Okawaru
 18379 | Lair:5   | Reached skill level 10 in Invocations
 18557 | Lair:5   | Identified the +3 scale mail of the Fiddle {Will+ Str+3
                  | Dex+2} (Okawaru gifted it to you on level 5 of the Lair of
                  | Beasts)
 18557 | Lair:5   | Received a gift from Okawaru
 19377 | Lair:6   | Found a staircase to the Slime Pits.
 20446 | Lair:6   | Found a burning altar of Makhleb.
 20486 | Lair:6   | Reached XP level 15. HP: 70/120 MP: 20/28
 20744 | Lair:6   | Found a gateway to Hell.
 20752 | Lair:6   | Got Dalian's Grimoire of Frigorific Moulding
 20757 | Lair:6   | Learned a level 3 spell: Frozen Ramparts
 21252 | D:13     | Found a gate to the Vaults.
 21690 | D:13     | Received a gift from Okawaru
 22004 | D:13     | Reached skill level 10 in Short Blades
 22004 | D:13     | Reached skill level 10 in Long Blades
 22004 | D:13     | Reached skill level 10 in Axes
 22004 | D:13     | Reached skill level 10 in Maces & Flails
 22004 | D:13     | Reached skill level 10 in Staves
 22004 | D:13     | Reached skill level 10 in Slings
 22004 | D:13     | Reached skill level 10 in Bows
 22004 | D:13     | Reached skill level 10 in Crossbows
 22004 | D:13     | Reached skill level 10 in Throwing
 22004 | D:13     | Reached skill level 10 in Dodging
 22004 | D:13     | Reached skill level 10 in Stealth
 22004 | D:13     | Reached skill level 10 in Unarmed Combat
 22004 | D:13     | Reached skill level 10 in Spellcasting
 22004 | D:13     | Reached skill level 10 in Evocations
 22035 | D:13     | Identified the -1 pair of gloves of the Wilderness {-Tele
                  | rPois rC+}
 23089 | Orc:1    | Entered Level 1 of the Orcish Mines
 23164 | Orc:1    | Found Dubbet's Self-Improvement Boutique.
 23876 | Orc:2    | Entered Level 2 of the Orcish Mines
 24471 | Orc:1    | Received a gift from Okawaru
 25053 | Orc:2    | Paralysed by an orc sorcerer for 5 turns
 25436 | Orc:2    | Found Oschixev's Book Shop.
 25491 | Orc:2    | Paralysed by an orc sorcerer for 4 turns
 25492 | Orc:2    | Received a gift from Okawaru
 25510 | Orc:2    | Found an ancient bone altar of Kikubaaqudgha.
 25518 | Orc:2    | Found Weeviwn's Antique Armour Shop.
 25529 | Orc:2    | Noticed Erolcha
 25562 | Orc:2    | Killed Erolcha
 25728 | Orc:2    | Found a radiant altar of Vehumet.
 25791 | Orc:2    | Found a staircase to the Elven Halls.
 26598 | Orc:2    | Found Cienepp's Magic Scroll Boutique.
 26616 | Orc:2    | Found Gigaff's Distillery.
 26906 | D:12     | Identified the amulet of the Good {RegenMP +Blink}
 27094 | Orc:2    | Bought a potion of haste for 120 gold pieces
 27094 | Orc:2    | Bought a potion of haste for 120 gold pieces
 27094 | Orc:2    | Bought a potion of resistance for 120 gold pieces
 27108 | Orc:2    | Bought a scroll of magic mapping for 52 gold pieces
 27502 | D:14     | Received a gift from Okawaru
 27730 | D:14     | Reached XP level 16. HP: 113/128 MP: 30/30
 27781 | D:14     | Found a white marble altar of Elyvilon.
 27928 | D:14     | Noticed Louise
 27946 | D:14     | Killed Louise
 28545 | Orc:1    | Bought a manual of Throwing for 1120 gold pieces
 28549 | Orc:1    | Learned a level 3 spell: Stone Arrow
 28554 | Orc:1    | Learned a level 4 spell: Passage of Golubria
 28557 | Orc:1    | Learned a level 2 spell: Blink
 28651 | Orc:2    | Bought a scroll of teleportation for 45 gold pieces
 28651 | Orc:2    | Bought a scroll of teleportation for 45 gold pieces
 28651 | Orc:2    | Bought a scroll of fear for 52 gold pieces
 28815 | D:15     | Entered Level 15 of the Dungeon
 29079 | D:15     | Noticed Rupert
 29504 | Swamp:1  | Entered Level 1 of the Swamp
 30322 | Swamp:1  | Reached skill level 11 in Throwing
 30811 | D:9      | Killed GreatCaesar's ghost
 30995 | Swamp:1  | Identified the -4 pair of gloves of Beogh's Condemnation
                  | {rElec rC- Regen+ Str-4}
 31978 | Swamp:2  | Received a gift from Okawaru
 32550 | Swamp:2  | Identified the ring of Icomog {+Blink rElec AC+4 Stlth+}
 32990 | Swamp:3  | Noticed a tentacled monstrosity
 33002 | Swamp:3  | Killed a tentacled monstrosity
 33002 | Swamp:3  | Identified the +4 ring mail of Distant Worlds {rElec rF+
                  | Int-3 Dex+8} (Okawaru gifted it to you on level 3 of the
                  | Swamp)
 33002 | Swamp:3  | Received a gift from Okawaru
 34724 | Swamp:4  | Entered Level 4 of the Swamp
 35453 | Swamp:4  | Reached XP level 17. HP: 132/136 MP: 32/32
 35458 | Swamp:4  | Reached skill level 12 in Throwing
 35810 | Swamp:4  | Noticed Donald
 36660 | Swamp:4  | Killed Donald
 38252 | Swamp:4  | Noticed a bone dragon
 38285 | Swamp:4  | Killed a bone dragon
 38285 | Swamp:4  | Received a gift from Okawaru
 38353 | Swamp:4  | Got a decaying rune of Zot
 39308 | Snake:1  | Entered Level 1 of the Snake Pit
 39601 | Snake:1  | You fall into a shaft and drop 1 floor!
 39924 | Snake:2  | Found Pyupsot's Antique Weapon Boutique.
 39929 | Snake:2  | Found Moapehucry's Antique Weapon Boutique.
 39960 | Snake:2  | Found a transporter.
 40020 | Snake:2  | Acquired 1045 gold pieces
 40449 | Snake:2  | Received a gift from Okawaru
 40449 | Snake:2  | Found the +6 arbalest "Damnation" {damnation}
 40646 | Snake:2  | Reached skill level 10 in Conjurations
 40646 | Snake:2  | Reached skill level 10 in Hexes
 40646 | Snake:2  | Reached skill level 10 in Summonings
 40646 | Snake:2  | Reached skill level 10 in Necromancy
 40646 | Snake:2  | Reached skill level 10 in Translocations
 40646 | Snake:2  | Reached skill level 10 in Transmutations
 40646 | Snake:2  | Reached skill level 10 in Fire Magic
 40646 | Snake:2  | Reached skill level 10 in Ice Magic
 40646 | Snake:2  | Reached skill level 10 in Air Magic
 40646 | Snake:2  | Reached skill level 10 in Earth Magic
 40646 | Snake:2  | Reached skill level 10 in Poison Magic
 41374 | Snake:2  | Found a transporter.
 42052 | Snake:2  | Reached skill level 13 in Throwing
 42085 | Snake:2  | Identified the ring "Nemew" {Wiz Dex+6}
 42092 | Snake:2  | Identified the ring of the Monkey's Uncle {Fly Str+2 Dex+6
                  | Slay+3}
 42228 | Snake:2  | Learned a level 5 spell: Freezing Cloud
 42980 | Snake:3  | Found Peal's Jewellery Boutique.
 42981 | Snake:3  | Found Dyih's Book Shoppe.
 42981 | Snake:3  | Found Conwowa's Book Shoppe.
 42997 | Snake:3  | Bought the amulet of Vitality {Regen+ HP+15} for 790 gold
                  | pieces
 42997 | Snake:3  | Found the amulet of Vitality {Regen+ HP+15}
 43012 | Snake:3  | Bought the ring "Zosuysm" {rF+ rCorr Int+7 SInv Stlth-} for
                  | 551 gold pieces
 43075 | Snake:3  | Received a gift from Okawaru
 43147 | Snake:3  | Reached XP level 18. HP: 103/144 MP: 30/34
 43161 | Snake:3  | Received a gift from Okawaru
 43332 | Snake:3  | Found Lawyisi's Jewellery Shop.
 43489 | Snake:3  | Noticed Alonuene's ghost (journeyman NaIE)
 43532 | Snake:3  | Found a transporter.
 43533 | Snake:3  | Found a bloodstained altar of Trog.
 43540 | Snake:3  | Found a transporter.
 43713 | Snake:3  | Identified the +0 buckler of the Monkey's Uncle {Dex+3}
 43745 | Snake:4  | Entered Level 4 of the Snake Pit
 43908 | Snake:4  | Received a gift from Okawaru
 44167 | Snake:4  | Found Nigaawont's Armour Shop.
 44317 | Snake:4  | Received a gift from Okawaru
 44522 | Snake:4  | Reached skill level 14 in Throwing
 44635 | Snake:4  | Found a runed translucent door.
 44635 | Snake:4  | Noticed littlecub's ghost (journeyman DsGl)
 44808 | Snake:4  | Received a gift from Okawaru
 44955 | Snake:4  | Noticed Aizul
 45044 | Snake:4  | Noticed Vashnia
 45072 | Snake:4  | Killed Vashnia
 45211 | Snake:4  | Killed Aizul
 45666 | Snake:4  | Got a serpentine rune of Zot
 46366 | D:15     | Received a gift from Okawaru
 46425 | D:15     | Killed Rupert
 46692 | D:15     | Identified Roxanne's Grimoire of Moulding
 46692 | D:15     | Noticed Roxanne
 46855 | D:15     | Found a staircase to the Depths.
 47211 | D:15     | Killed Roxanne
 47211 | D:15     | Identified the +0 hat of the Purple Skies {Regen+} (Okawaru
                  | gifted it to you on level 15 of the Dungeon)
 47211 | D:15     | Received a gift from Okawaru
 47232 | D:15     | Learned a level 3 spell: Mephitic Cloud
 47320 | Vaults:1 | Entered Level 1 of the Vaults
 47592 | Vaults:1 | Identified the +5 arbalest of the Eternal Void {speed,
                  | rElec Str+5}
 47634 | Vaults:1 | Reached XP level 19. HP: 152/152 MP: 25/35
 48349 | Vaults:1 | Found Soyh's Distillery.
 48757 | Vaults:1 | Reached skill level 15 in Throwing
 48936 | Vaults:1 | Learned a level 5 spell: Irradiate
 49009 | Vaults:1 | Learned a level 5 spell: Yara's Violent Unravelling
 49273 | Vaults:2 | Identified the ring "Kungorcha" {Str+6 Slay+4}
 49611 | Vaults:2 | Received a gift from Okawaru
 49673 | Vaults:2 | Found a staircase to the Crypt.
 49947 | Vaults:2 | Noticed Sojobo
 50177 | Vaults:2 | Paralysed by an air elemental for 1 turns
 50183 | Vaults:2 | Killed Sojobo
 50948 | Vaults:2 | Identified the +0 pair of boots of Weirdness {Contam Fly
                  | Regen+ Int-4} (Okawaru gifted it to you on level 2 of the
                  | Vaults)
 50948 | Vaults:2 | Received a gift from Okawaru
 50982 | Vaults:2 | Reached XP level 20. HP: 151/161 MP: 26/37
 51686 | Snake:3  | Bought a book of Unlife for 684 gold pieces
 51692 | Snake:3  | Learned a level 5 spell: Borgnjor's Vile Clutch
 52094 | Vaults:3 | Found the ring of the Octopus King
 52143 | Vaults:3 | Identified a ring of the Octopus King {AC+1 EV+1 Str+1
                  | Int+1 Dex+1 SInv}
 52391 | Orc:2    | Bought a Young Poisoner's Handbook for 260 gold pieces
 52394 | Orc:2    | Learned a level 2 spell: Poisonous Vapours
 52399 | Orc:2    | Learned a level 4 spell: Olgreb's Toxic Radiance
 53141 | Vaults:3 | Reached skill level 15 in Fighting
 53141 | Vaults:3 | Reached skill level 15 in Armour
 53141 | Vaults:3 | Reached skill level 15 in Shields
 53155 | Vaults:3 | Reached skill level 16 in Throwing
 54472 | Vaults:4 | Identified the +1 pair of gloves of Ijotrum {Stlth+}
                  | (Okawaru gifted it to you on level 4 of the Vaults)
 54472 | Vaults:4 | Received a gift from Okawaru
 54474 | Vaults:4 | Reached skill level 15 in Invocations
 55024 | Vaults:4 | Found Feluf's Antique Armour Shop.
 55683 | Vaults:4 | Bought a fading scale mail for 162 gold pieces
 55683 | Vaults:4 | Identified the +3 scale mail "Gogenaom" {Drain rC+ MP+9
                  | Str+4} (You bought it in a shop on level 4 of the Vaults)
 55705 | Vaults:4 | Found Cassar's Book Emporium.
 55717 | Vaults:4 | Found Xeholo's Jewellery Boutique.
 55879 | Vaults:4 | Found Zitomm's Weapon Emporium.
 56176 | Vaults:4 | Noticed Jory
 56221 | Vaults:4 | Killed Jory
 57340 | Elf:1    | Entered Level 1 of the Elven Halls
 57439 | Elf:1    | Found Bosetirch's Antique Armour Shoppe.
 57485 | Elf:1    | Reached XP level 21. HP: 169/169 MP: 39/39
 57487 | Elf:1    | Noticed Kirke
 57504 | Elf:1    | Killed Kirke
 57510 | Elf:1    | Received a gift from Okawaru
 58474 | Elf:1    | Paralysed by an air elemental for 1 turns
 58696 | Elf:1    | Found a runed translucent gate.
 58696 | Elf:1    | Found a runed translucent gate.
 58696 | Elf:1    | Found a runed translucent gate.
 58696 | Elf:1    | Found a runed translucent gate.
 58696 | Elf:1    | Found a runed translucent gate.
 58697 | Elf:1    | Found a runed translucent gate.
 58760 | Elf:1    | You fall into a shaft and drop 1 floor!
 58776 | Elf:2    | Reached skill level 17 in Throwing
 58782 | Elf:2    | Identified the +3 glaive of Cheese {venom, Fragile rElec
                  | Dex+3 Stlth+} (Okawaru gifted it to you on level 2 of the
                  | Elven Halls)
 58782 | Elf:2    | Received a gift from Okawaru
 58875 | Elf:2    | Noticed Agnes
 58883 | Elf:2    | Killed Agnes
 58901 | Elf:2    | Reached skill level 15 in Polearms
 58994 | Elf:2    | Found a runed translucent gate.
 58994 | Elf:2    | Found a runed translucent gate.
 58994 | Elf:2    | Found a runed translucent gate.
 59445 | Elf:2    | Identified the +3 dagger of Grim Tortfeasance {spect, rC+}
 59548 | Elf:2    | Identified the +2 chain mail of the Worm {Fly Str-2 Int+3}
                  | (Okawaru gifted it to you on level 2 of the Elven Halls)
 59548 | Elf:2    | Received a gift from Okawaru
 59724 | Elf:2    | Paralysed by an air elemental for 1 turns
 60536 | Elf:2    | Found Seojuteid's Elven Fire.
 60954 | Elf:3    | Entered Level 3 of the Elven Halls
 60955 | Elf:3    | Found a shimmering blue altar of Sif Muna.
 61015 | Elf:3    | Found Zonots's Distillery.
 61023 | Elf:3    | Bought a potion of heal wounds for 80 gold pieces
 61023 | Elf:3    | Bought a potion of heal wounds for 80 gold pieces
 61946 | Elf:3    | Identified the +3 short sword of Dissatisfaction {flame,
                  | rF+ Str+4 Int+3 Dex+2} (Okawaru gifted it to you on level 3
                  | of the Elven Halls)
 61946 | Elf:3    | Received a gift from Okawaru
 62126 | Elf:3    | Reached XP level 22. HP: 178/178 MP: 28/40
 62362 | Elf:3    | Identified the +1 leather armour of the Scribe {*Slow rPois
                  | Regen+}
 62659 | Elf:3    | Reached skill level 18 in Throwing
 62946 | Elf:3    | Identified the +3 triple crossbow "Natuil" {elec, rF+ Will-
                  | Str+4} (Okawaru gifted it to you on level 3 of the Elven
                  | Halls)
 62946 | Elf:3    | Received a gift from Okawaru
 63081 | Elf:3    | Identified the amulet of Ureocin {rPois Regen+}
 63153 | Elf:3    | Reached skill level 15 in Short Blades
 63153 | Elf:3    | Reached skill level 15 in Long Blades
 63153 | Elf:3    | Reached skill level 15 in Axes
 63153 | Elf:3    | Reached skill level 15 in Maces & Flails
 63153 | Elf:3    | Reached skill level 15 in Staves
 63153 | Elf:3    | Reached skill level 15 in Slings
 63153 | Elf:3    | Reached skill level 15 in Bows
 63153 | Elf:3    | Reached skill level 15 in Crossbows
 63153 | Elf:3    | Reached skill level 15 in Dodging
 63153 | Elf:3    | Reached skill level 15 in Stealth
 63153 | Elf:3    | Reached skill level 15 in Unarmed Combat
 63153 | Elf:3    | Reached skill level 15 in Spellcasting
 63153 | Elf:3    | Reached skill level 15 in Evocations
 63473 | Elf:3    | Got the Catalogue of the Aerial Escort
 63834 | Elf:3    | Learned a level 6 spell: Statue Form
 63850 | Elf:3    | Identified the +7 arbalest of Gloom {flame, *Corrode rElec
                  | rPois Will++}
 63966 | Elf:3    | Bought a potion of haste for 160 gold pieces
 64363 | Depths:1 | Entered Level 1 of the Depths
 64546 | Depths:1 | Found a one-way gate to the infinite horrors of the Abyss.
 65613 | Depths:1 | Found an ornate altar of the Wu Jian Council.
 65971 | Depths:2 | Found a one-way gateway to a ziggurat.
 65996 | Depths:2 | Received a gift from Okawaru
 66320 | Depths:2 | Identified the +1 helmet of Melancholy {rElec rPois Dex+4}
                  | (Okawaru gifted it to you on level 2 of the Depths)
 66320 | Depths:2 | Received a gift from Okawaru
 67078 | Depths:2 | Found a one-way gate leading to the halls of Pandemonium.
 67594 | Depths:3 | Reached XP level 23. HP: 184/186 MP: 42/42
 68203 | Depths:3 | Found an iron altar of Okawaru.
 68313 | Depths:3 | Reached skill level 19 in Throwing
 68717 | Depths:3 | Received a gift from Okawaru
 69267 | Depths:4 | Entered Level 4 of the Depths
 69453 | Depths:4 | Received a gift from Okawaru
 69589 | Depths:4 | Noticed a caustic shrike
 69589 | Depths:4 | Noticed a caustic shrike
 69589 | Depths:4 | Noticed a caustic shrike
 69589 | Depths:4 | Noticed a caustic shrike
 69598 | Depths:4 | Killed a caustic shrike
 69606 | Depths:4 | Killed a caustic shrike
 69606 | Depths:4 | Identified the +2 pair of gloves "Leceoheh" {rCorr MP-9
                  | Int+3} (Okawaru gifted it to you on level 4 of the Depths)
 69606 | Depths:4 | Received a gift from Okawaru
 69611 | Depths:4 | Killed a caustic shrike
 69615 | Depths:4 | Killed a caustic shrike
 70055 | Hell     | Entered the Vestibule of Hell
 70055 | Hell     | Noticed Geryon
 70057 | Arena    | Entered the Arena
 70068 | Arena    | Killed Geryon
 70351 | D:11     | You paid a toll of the horn of Geryon to enter a treasure
                  | trove
 70352 | Trove    | Entered a treasure trove
 70356 | Trove    | Identified the +0 pair of gloves of the Dwarven Hall {Will+
                  | Str+3}
 70359 | Trove    | Identified the +6 plate armour of the Sky {Will+}
 70361 | Trove    | Identified the +2 hat of the Evening Star {Contam Str+3
                  | Dex+2}
 70366 | Trove    | Identified the +2 hat of Sandy Lucidity {Fly Str+2 Dex+7}
 70368 | Trove    | Identified the +1 chain mail of Duty {rElec rCorr}
 70370 | Trove    | Identified the +0 kite shield of Miracles {rF+ Int+5}
 70372 | Trove    | Found the +0 pair of fencer's gloves {Riposte Dex+3}
 70377 | Trove    | Identified the +0 pair of boots of the Volcano {Rampage
                  | Str+7 Slay+3}
 70379 | Trove    | Identified the +0 helmet of Nihilism {+Blink +Inv rF+ SInv}
 70385 | Trove    | Identified the +2 chain mail of Proximity {rCorr Slay+3}
 71229 | Depths:4 | Noticed a juggernaut
 71247 | Depths:4 | Killed a juggernaut
 71416 | Depths:4 | Noticed a caustic shrike
 71423 | Depths:4 | Killed a caustic shrike
 71438 | Depths:4 | Noticed a caustic shrike
 71506 | Depths:4 | Noticed a caustic shrike
 71515 | Depths:4 | Killed a caustic shrike
 71552 | Depths:4 | Noticed a caustic shrike
 71561 | Depths:4 | Killed a caustic shrike
 71566 | Depths:4 | Killed a caustic shrike
 72576 | Depths:4 | Noticed a golden dragon
 72578 | Depths:4 | Reached XP level 24. HP: 192/192 MP: 24/43
 72578 | Depths:4 | Identified the +0 pair of boots of the Ladybird {Dex+3
                  | SInv} (Okawaru gifted it to you on level 4 of the Depths)
 72578 | Depths:4 | Received a gift from Okawaru
 72625 | Depths:4 | Reached skill level 20 in Throwing
 72853 | Depths:4 | Found a gate to the Realm of Zot.
 73996 | Vaults:5 | Entered Level 5 of the Vaults
 74123 | Vaults:5 | Noticed a dread lich
 74154 | Vaults:4 | Killed a dread lich
 74154 | Vaults:4 | Received a gift from Okawaru
 74235 | Vaults:4 | Received a gift from Okawaru
 74885 | Vaults:5 | Identified the +8 scimitar "Kono" {spect, rElec rPois
                  | Str+3}
 75066 | Vaults:5 | Noticed a caustic shrike
 75066 | Vaults:5 | a golden dragon changed into a caustic shrike
 75075 | Vaults:5 | a caustic shrike changed into a quicksilver dragon
 75181 | Vaults:5 | Got the Volume of Lightness
 75326 | Vaults:5 | Identified the +2 scale mail of Wariness {rF- rCorr Dex-4
                  | Slay+6}
 75809 | Vaults:4 | Reached XP level 25. HP: 187/198 MP: 37/43
 77300 | Vaults:5 | Received a gift from Okawaru
 77301 | Vaults:5 | Reached skill level 21 in Throwing
 77570 | Vaults:5 | Identified the +1 chain mail "Moiw" {Rampage Str-5 Int-2
                  | SInv}
 77782 | Vaults:5 | Got a silver rune of Zot
 79546 | Orc:2    | Bought glowing gold dragon scales for 2075 gold pieces
 80136 | Zot:1    | Entered Level 1 of the Realm of Zot
 81430 | Zot:1    | HP: 9/219 [golden dragon (18)]
 82715 | Zot:2    | Received a gift from Okawaru
 83200 | Zot:2    | Identified the +4 shortbow of Inflation {vorpal, rC+ Str+7}
 83979 | Zot:2    | Identified the +4 plate armour of Punidan {Rampage Will+
                  | Str+3}
 84294 | Zot:3    | Received a gift from Okawaru
 84658 | Zot:3    | Received a gift from Okawaru
 84659 | Zot:3    | Found the +1 cloak of Starlight {*Dazzle EV+4 Stlth--}
 85471 | Zot:3    | Reached XP level 26. HP: 209/209 MP: 39/44
 85810 | Zot:3    | Noticed an ancient lich
 86439 | Zot:3    | Killed an ancient lich
 86610 | Zot:3    | Reached skill level 22 in Throwing
 86819 | Zot:3    | Found a runed translucent gate.
 86819 | Zot:3    | Found a runed translucent gate.
 86820 | Zot:3    | Found a runed translucent gate.
 86821 | Zot:3    | Noticed Dawneret's ghost (master GnFi)
 86822 | Zot:3    | Noticed a dread lich
 86822 | Zot:3    | Noticed a dread lich
 86985 | Zot:3    | Found a stormy altar of Qazlal.
 87009 | Zot:3    | Identified the amulet "Ivuok" {Reflect rPois Slay+6 SH+5}
 87127 | Zot:4    | Reached skill level 15 in Conjurations
 87127 | Zot:4    | Reached skill level 15 in Hexes
 87127 | Zot:4    | Reached skill level 15 in Summonings
 87127 | Zot:4    | Reached skill level 15 in Necromancy
 87127 | Zot:4    | Reached skill level 15 in Translocations
 87127 | Zot:4    | Reached skill level 15 in Transmutations
 87127 | Zot:4    | Reached skill level 15 in Fire Magic
 87127 | Zot:4    | Reached skill level 15 in Ice Magic
 87127 | Zot:4    | Reached skill level 15 in Air Magic
 87127 | Zot:4    | Reached skill level 15 in Earth Magic
 87127 | Zot:4    | Reached skill level 15 in Poison Magic
 87774 | Zot:4    | Identified the +7 hunting sling "Norruv Bifu" {speed, rF+
                  | Int-5 Dex+9} (Okawaru gifted it to you on level 4 of the
                  | Realm of Zot)
 87774 | Zot:4    | Received a gift from Okawaru
 88197 | Zot:5    | Entered Level 5 of the Realm of Zot
 88450 | Zot:2    | Learned a level 5 spell: Manifold Assault
 88740 | Zot:5    | Learned a level 6 spell: Iron Shot
 88843 | Zot:5    | Noticed an orb of fire
 88865 | Zot:5    | Gained mutation: You are partially covered in iridescent
                  | scales. (AC +2) [an orb of fire]
 88867 | Zot:5    | Killed an orb of fire
 89363 | Zot:5    | Found the +4 dragonskin cloak
 89363 | Zot:5    | Noticed Tiamat
 89675 | Zot:5    | Killed Tiamat
 89675 | Zot:5    | Received a gift from Okawaru
 91759 | Zot:5    | Noticed a dread lich
 91788 | Zot:5    | Killed a dread lich
 92376 | Zot:5    | Noticed an orb of fire
 92385 | Zot:5    | Gained mutation: You are occasionally teleported next to
                  | monsters. [an orb of fire]
 92386 | Zot:5    | Killed an orb of fire
 92389 | Zot:5    | Noticed a dread lich
 92389 | Zot:5    | Noticed a dread lich
 92399 | Zot:5    | Noticed a dread lich
 92399 | Zot:5    | Received a gift from Okawaru
 92401 | Zot:5    | Killed a dread lich
 92403 | Zot:5    | Noticed an orb of fire
 92403 | Zot:5    | Noticed an orb of fire
 92403 | Zot:5    | Noticed a Killer Klown
 92404 | Zot:5    | Noticed an orb of fire
 92406 | Zot:5    | Killed a dread lich
 92407 | Zot:5    | Reached XP level 27. HP: 163/221 MP: 13/45
 92742 | Zot:4    | Lost mutation: You are occasionally teleported next to
                  | monsters. [potion of mutation]
 92742 | Zot:4    | Lost mutation: You are partially covered in iridescent
                  | scales. (AC +2) [potion of mutation]
 92742 | Zot:4    | Gained mutation: You tend to lose your temper in combat.
                  | [potion of mutation]
 92742 | Zot:4    | Gained mutation: Your flesh is cold resistant. (rC+)
                  | [potion of mutation]
 92742 | Zot:4    | Gained mutation: You do not regenerate when monsters are
                  | visible. [potion of mutation]
 92742 | Zot:4    | Gained mutation: You have supernaturally acute eyesight.
                  | (SInv) [potion of mutation]
 92743 | Zot:4    | Lost mutation: You have supernaturally acute eyesight.
                  | (SInv) [potion of mutation]
 92743 | Zot:4    | Lost mutation: You do not regenerate when monsters are
                  | visible. [potion of mutation]
 92743 | Zot:4    | Lost mutation: Your flesh is cold resistant. (rC+) [potion
                  | of mutation]
 92743 | Zot:4    | Gained mutation: Your mind is acute. (Int +2) [potion of
                  | mutation]
 92743 | Zot:4    | Gained mutation: You have a pair of small antennae on your
                  | head. [potion of mutation]
 92743 | Zot:4    | Gained mutation: You are strong-willed. (Will+) [potion of
                  | mutation]
 92744 | Zot:4    | Lost mutation: You have a pair of small antennae on your
                  | head. [potion of mutation]
 92744 | Zot:4    | Lost mutation: You tend to lose your temper in combat.
                  | [potion of mutation]
 92744 | Zot:4    | Lost mutation: Your mind is acute. (Int +2) [potion of
                  | mutation]
 92744 | Zot:4    | Gained mutation: You have a pair of small antennae on your
                  | head. [potion of mutation]
 92744 | Zot:4    | Gained mutation: You have sharp toenails. [potion of
                  | mutation]
 92744 | Zot:4    | Gained mutation: You are partially covered in iridescent
                  | scales. (AC +2) [potion of mutation]
 92802 | Zot:5    | Found the +7 great mace "Undeadhunter" {disrupt, rN+}
 92846 | Zot:5    | Gained mutation: You occasionally shout uncontrollably at
                  | your foes. [an orb of fire]
 92854 | Zot:5    | Killed an orb of fire
 93161 | Zot:5    | Gained mutation: You sometimes lose the ability to read
                  | scrolls when taking damage. [an orb of fire]
 93163 | Zot:5    | Killed an orb of fire
 93326 | Zot:5    | Lost mutation: You occasionally shout uncontrollably at
                  | your foes. [potion of mutation]
 93326 | Zot:5    | Lost mutation: You are strong-willed. (Will+) [potion of
                  | mutation]
 93326 | Zot:5    | Lost mutation: You have sharp toenails. [potion of
                  | mutation]
 93326 | Zot:5    | Gained mutation: You are frail. (-10% HP) [potion of
                  | mutation]
 93326 | Zot:5    | Gained mutation: Your mind is acute. (Int +2) [potion of
                  | mutation]
 93326 | Zot:5    | Gained mutation: You tend to lose your temper in combat.
                  | [potion of mutation]
 93326 | Zot:5    | Gained mutation: Your spells are a little harder to cast,
                  | but a little more powerful. [potion of mutation]
 93340 | Zot:4    | Lost mutation: Your spells are a little harder to cast, but
                  | a little more powerful. [potion of mutation]
 93340 | Zot:4    | Lost mutation: You have a pair of small antennae on your
                  | head. [potion of mutation]
 93340 | Zot:4    | Gained mutation: You are agile. (Dex +2) [potion of
                  | mutation]
 93340 | Zot:4    | Lost mutation: You tend to lose your temper in combat.
                  | [potion of mutation]
 93340 | Zot:4    | Gained mutation: You have an increased reservoir of magic.
                  | (+10% MP) [potion of mutation]
 93346 | Zot:4    | Lost mutation: You sometimes lose the ability to read
                  | scrolls when taking damage. [potion of mutation]
 93346 | Zot:4    | Lost mutation: You are frail. (-10% HP) [potion of
                  | mutation]
 93346 | Zot:4    | Lost mutation: You have an increased reservoir of magic.
                  | (+10% MP) [potion of mutation]
 93346 | Zot:4    | Gained mutation: You possess an exceptional clarity of
                  | mind. [potion of mutation]
 94359 | Zot:5    | Lost mutation: Your mind is acute. (Int +2) [you]
 94364 | Zot:5    | Gained mutation: You are frail. (-10% HP) [an orb of fire]
 94370 | Zot:5    | Gained mutation: Your body sometimes deteriorates upon
                  | taking damage. [an orb of fire]
 94374 | Zot:5    | Lost mutation: You are agile. (Dex +2) [an orb of fire]
 94375 | Zot:5    | Gained mutation: You occasionally shout uncontrollably at
                  | your foes. [an orb of fire]
 94377 | Zot:5    | Killed an orb of fire
 94581 | Zot:5    | Noticed an ancient lich
 94587 | Zot:5    | Killed an ancient lich
 94592 | Zot:5    | Noticed an orb of fire
 94597 | Zot:5    | Gained mutation: Your magical capacity is low. (-10% MP)
                  | [an orb of fire]
 94603 | Zot:5    | Killed an orb of fire
 94717 | Zot:5    | Reached skill level 23 in Throwing
 94804 | Zot:5    | Killed a dread lich
 96693 | Zot:5    | Got the Orb of Zot
 97190 | D:4      | Received a gift from Okawaru
 97264 | D:1      | Noticed Rangir the pandemonium lord
 97287 | D:$      | Escaped with the Orb!

Illustrated notes

Levels and vault maps discovered:
D:1:      sevenhm_arrival_forest_fort_large_2, layout_basic, nicolae_wormholes
D:2:      layout_rooms, shapermc_ecumenical_altar_gd, minmay_misc_feat_columns,
          minmay_hexomino_f4
D:3:      minmay_octagon_keep, layout_rooms,
          nicolae_dithmenos_through_a_glass_darkly, jmf_multi_god_temple,
          minmay_snake_closets
D:4:      layout_basic, kennysheep_little_box, mainiacjoe_overflow_cross_hatched
D:5:      layout_cave_pools, lemuel_round_altar, minmay_hedge_maze,
          kennysheep_generic_room_14
D:6:      lemuel_ratsnest, layout_loops_cross, gup_sewer_entry_spiral,
          kennysheep_path_1
D:7:      layout_rooms, minmay_overflow_temple_star_quad,
          minmay_temple_entry_enclosed_plants
D:8:      lemuel_bear_cage, layout_basic, serial_bayou, serial_bayou_shore_b,
          serial_bayou_pond_a, serial_bayou_crossing, serial_bayou_shore_b,
          uniq_maggie
D:9:      layout_roguey, mainiacjoe_overflow_alcove_1, enter_bailey_3,
          hellmonk_ghost_happy_afterlife, minmay_misc_feat_pillars, uniq_pikel
D:10:     layout_irregular_city
D:11:     layout_basic, lair_entry_dummy, nicolae_trove_entry_columns
D:12:     layout_cave_pools, david_orc_1_choice, serial_undead, serial_undead_c,
          serial_undead_e, serial_undead_a, serial_undead_c, serial_undead_b,
          minmay_st_funbox, nicolae_vehumet_radiance
D:13:     layout_gridville, erik_vaults_2
D:14:     layout_basic, nicolae_elyvilon_peaceful_grove, uniq_louise
D:15:     grunt_enter_depths_hoard, layout_long_grid, serial_bayou_pond_c,
          uniq_rupert, uniq_roxanne
Temple:   minmay_temple_bridge_abc
Lair:1:   layout_cave_pods, minmay_holes, infiniplex_staircase_pool
Lair:2:   layout_long_grid, serial_bayou_lagoon_a, serial_bayou_pond_d,
          serial_bayou_shore_b, grunt_megastairs_4, uniq_sonja
Lair:3:   layout_regular_city, palyth_hydra_swamp_entry,
          guppyfry_snake_entry_island, fungi_pond_lemuel, pf_torpor_hydra
Lair:4:   layout_cave_pods
Lair:5:   layout_hall_layers, nicolae_volcano_entry_hallway
Lair:6:   evil_forest, layout_cave_pods, minmay_slime_entry_pillars,
          grunt_megastairs_1, serial_bayou_shore_a
Swamp:1:  layout_falls_marsh, nicolae_swamp_well_well_well
Swamp:2:  layout_basic_swamp, evilmike_swamp_ruin_house_6
Swamp:3:  layout_basic_swamp, evilmike_swamp_ruin_house_1
Swamp:4:  swamp_pestilence, layout_basic_swamp, swamp_pool2, uniq_donald
Snake:1:  layout_layer_cave
Snake:2:  gammafunk_its_a_trap, layout_layer_cave, minmay_shop_star
Snake:3:  layout_misc_corridors, gammafunk_ghost_wrathful_warriors,
          serial_shops, nicolae_shop_competitors_out_of_business,
          minmay_shop_grove
Snake:4:  grunt_snake_rune_serpentine_throne, layout_cave_town, serial_shops,
          shop, gammafunk_ghost_grave, hangedman_venom_bottle, uniq_aizul
Orc:1:    layout_caves, nicolae_shop_self_help
Orc:2:    kennysheep_orc_mage_school, layout_caves
Elf:1:    layout_rooms, serial_shops, nicolae_shop_advertising_works
          [nicolae_subvault_shop_adworks], orc_legates, uniq_kirke
Elf:2:    elven_hall_of_blades_hangedman_original [mumra_blade_entry_bloodbath],
          layout_geoelf_octagon, guppyfry_elf_lava, uniq_agnes
Elf:3:    nooodl_elf_gasket, layout_geoelf_octagon, basic_altar, serial_shops,
          nicolae_square_shop
Vaults:1: v_alt_pattern_3, nicolae_vaults_good_morning_starshine,
          hangedman_vaults_snaps, v_misc_12, ontoclasm_vaults_chip,
          grunt_vaults_trifunnel, v_pattern_2, nicolae_vaults_yaktaur_gun_rack,
          ontoclasm_vaults_gateway, layout_vaults_chaotic_city, serial_shops,
          nicolae_shop_behind_doors
Vaults:2: v_misc_17, v_rooms_2, nicolae_vaults_little_squares_2,
          nicolae_vaults_little_squares_4, blue_anna_dwarven_crypt,
          vaults_standard_mumra_enter_the_diamond,
          nicolae_vaults_network_quincunx
          [nicolae_vaults_network_quincunx_subvault,
          nicolae_vaults_network_quincunx_subvault,
          nicolae_vaults_network_quincunx_subvault,
          nicolae_vaults_network_quincunx_subvault,
          nicolae_vaults_network_quincunx_subvault],
          hangedman_vaults_stretched_pinwheel, v_misc_23, v_misc_26,
          vaults_room_door_hall, vaults_room_semicircle, ontoclasm_vaults_fault,
          special_room_vaults [special_room_orc], layout_vaults_maze,
          uniq_sojobo
Vaults:3: ontoclasm_vaults_shuriken, hangedman_vaults_slice,
          ontoclasm_vaults_loading_screen, nicolae_vaults_circle_grid_a,
          vaults_dpeg_spiral, ontoclasm_vaults_idyll, vaults_standard_mumra_x,
          vaults_room_grid, vaults_dpeg_diagonal,
          nicolae_vaults_network_periphery, ontoclasm_vaults_ring_large,
          grunt_vaults_hallway_long, grunt_vaults_diagonal, layout_vaults_ring,
          uniq_margery
Vaults:4: nicolae_vaults_border_crossing, hangedman_vaults_capsules,
          vaults_room_hallway, st_lattice, v_misc_19, nicolae_vaults_gold_heap,
          vaults_room_door_ring, hangedman_vaults_slice, layout_vaults_omnigrid,
          serial_shops, shop, nicolae_square_shop, shop,
          nicolae_shop_window_shopping, uniq_jory
Vaults:5
Depths:1: layout_cave_shapes, abyss_entry_crystal, serial_bayou_pond_d,
          hell_entry, amcnicky_mini_rare_corridor_liquid, drop_trap,
          pdpol_wu_jian_five_deadly_venoms, roderic_lattice_octagonal_star
Depths:2: kennysheep_spiral_hall, layout_honeycomb, enter_ziggurat_f,
          hell_entry, glass_columns_b, rand_demon_pan_entry_7,
          nrook_mini_vaults, firewood_loft
Depths:3: grunt_house_of_mirrors, layout_cave_pools, grunt_metal_band,
          okawaru_gym_becter, abyss_entry, infiniplex_staircase_star
Depths:4: grunt_runaround [grunt_runaround_doors_1, grunt_runaround_doors_2,
          grunt_runaround_doors_3, grunt_runaround_doors_4,
          grunt_runaround_zot], hell_entry, abyss_entry
Hell
Zot:1:    layout_gridlike
Zot:2:    kennysheep_oblong_rooms, layout_gridlike, lemuel_elevator
Zot:3:    regret_index_qazlal_generations, layout_basic,
          gammafunk_ghost_necromancy, drop_trap, lemuel_elevator
Zot:4:    layout_cellular_growth
Zot:5:    layout_gridlike, st_stairs_12, uniq_tiamat

Skill      XL: |  1  2  3  4  5  6  7  8  9 10 11 12 13 14 15 16 17 18 19 20 21 22 23 24 25 26 27 |
---------------+----------------------------------------------------------------------------------+-----
Invocations    | 1 2 3 4 5 6 7 8 9 10 11 12 13 14 15 16 17 18 19 | 19.9
Short Blades   | 1 2 3 4 5 6 7 8 9 10 11 12 13 14 15 16 17 18 | 18.4
Long Blades    | 1 2 3 4 5 6 7 8 9 10 11 12 13 14 15 16 17 18 | 18.4
Axes           | 1 2 3 4 5 6 7 8 9 10 11 12 13 14 15 16 17 18 | 18.4
Maces & Flails | 1 2 3 4 5 6 7 8 9 10 11 12 13 14 15 16 17 18 | 18.4
Staves         | 1 2 3 4 5 6 7 8 9 10 11 12 13 14 15 16 17 18 | 18.4
Slings         | 1 2 3 4 5 6 7 8 9 10 11 12 13 14 15 16 17 18 | 18.4
Bows           | 1 2 3 4 5 6 7 8 9 10 11 12 13 14 15 16 17 18 | 18.4
Crossbows      | 1 2 3 4 5 6 7 8 9 10 11 12 13 14 15 16 17 18 | 18.4
Throwing       | 1 2 3 4 5 6 7 8 9 10 11 13 14 15 16 17 18 19 20 21 22 23 | 23.2
Dodging        | 1 2 3 4 5 6 7 8 9 10 11 12 13 14 15 16 17 18 | 18.4
Stealth        | 1 2 3 4 5 6 7 8 9 10 11 12 13 14 15 16 17 18 | 18.4
Unarmed Combat | 1 2 3 4 5 6 7 8 9 10 11 12 13 14 15 16 17 18 | 18.4
Spellcasting   | 1 2 3 4 5 6 7 8 9 10 11 12 13 14 15 16 17 18 | 18.4
Evocations     | 1 2 3 4 5 6 7 8 9 10 11 12 13 14 15 16 17 18 | 18.4
Conjurations   | 1 2 3 4 5 6 7 8 9 10 11 12 13 14 15 | 15.6
Hexes          | 1 2 3 4 5 6 7 8 9 10 11 12 13 14 15 | 15.6
Summonings     | 1 2 3 4 5 6 7 8 9 10 11 12 13 14 15 | 15.6
Necromancy     | 1 2 3 4 5 6 7 8 9 10 11 12 13 14 15 | 15.6
Translocations | 1 2 3 4 5 6 7 8 9 10 11 12 13 14 15 | 15.6
Transmutations | 1 2 3 4 5 6 7 8 9 10 11 12 13 14 15 | 15.6
Fire Magic     | 1 2 3 4 5 6 7 8 9 10 11 12 13 14 15 | 15.6
Ice Magic      | 1 2 3 4 5 6 7 8 9 10 11 12 13 14 15 | 15.6
Air Magic      | 1 2 3 4 5 6 7 8 9 10 11 12 13 14 15 | 15.6
Earth Magic    | 1 2 3 4 5 6 7 8 9 10 11 12 13 14 15 | 15.6
Poison Magic   | 1 2 3 4 5 6 7 8 9 10 11 12 13 14 15 | 15.6
Polearms       | 5 6 7 8 9 10 11 12 13 14 15 16 17 18 | 18.9
Fighting       | 7 8 9 10 11 12 13 14 15 16 17 18 19 | 19.3
Armour         | 7 8 9 10 11 12 13 14 15 16 17 18 19 | 19.3
Shields        | 7 8 9 10 11 12 13 14 15 16 17 18 19 | 19.3

Action                   |  1- 3 |  4- 6 |  7- 9 | 10-12 | 13-15 | 16-18 | 19-21 | 22-24 | 25-27 || total
-------------------------+-------+-------+-------+-------+-------+-------+-------+-------+-------++-------
Melee: Trident           |   122 |   120 |       |    22 |    98 |       |       |       |       ||   362
       Bite              |     9 |    18 |    29 |    37 |   186 |   148 |   121 |   129 |   174 ||   851
       Scimitar          |       |    65 |   282 |   330 |   498 |    96 |   118 |       |       ||  1389
       Hand axe          |       |       |       |    11 |    71 |       |       |       |       ||    82
       Broad axe         |       |       |       |       |   179 |   299 |       |    72 |   301 ||   851
       Demon trident     |       |       |       |       |   268 |   769 |   758 |   698 |   540 ||  3033
 Fire: Hunting sling     |       |       |    28 |    29 |    16 |       |       |       |       ||    73
       Hand crossbow     |       |       |       |       |    64 |   476 |    31 |   246 |   226 ||  1043
Throw: Boomerang         |       |       |       |    19 |    64 |    51 |   104 |    73 |    19 ||   330
       Dart              |       |       |       |    24 |     4 |     5 |       |     3 |       ||    36
       Javelin           |       |       |       |     1 |       |     8 |     5 |    17 |    13 ||    44
       Throwing net      |       |       |       |       |       |     1 |       |       |       ||     1
 Cast: Frozen Ramparts   |       |       |       |       |    16 |    58 |    70 |    50 |    43 ||   237
       Passage of Golubr |       |       |       |       |       |     3 |     1 |       |     1 ||     5
       Stone Arrow       |       |       |       |       |       |     5 |    12 |    12 |       ||    29
       Freezing Cloud    |       |       |       |       |       |     2 |    22 |     9 |    13 ||    46
       Wereblood         |       |       |       |       |       |     2 |    12 |     7 |     7 ||    28
       Yara's Violent Un |       |       |       |       |       |       |     2 |     9 |     4 ||    15
       Mephitic Cloud    |       |       |       |       |       |       |     1 |       |       ||     1
       Borgnjor's Vile C |       |       |       |       |       |       |    88 |   159 |   123 ||   370
       Olgreb's Toxic Ra |       |       |       |       |       |       |    16 |    19 |     2 ||    37
       Poisonous Vapours |       |       |       |       |       |       |    12 |    14 |       ||    26
       Irradiate         |       |       |       |       |       |       |     5 |    13 |     3 ||    21
       Blink             |       |       |       |       |       |       |       |       |     2 ||     2
       Statue Form       |       |       |       |       |       |       |       |       |     3 ||     3
       Manifold Assault  |       |       |       |       |       |       |       |       |    23 ||    23
       Iron Shot         |       |       |       |       |       |       |       |       |     2 ||     2
Invok: Heroism           |       |       |       |     7 |    14 |    19 |     4 |     5 |     8 ||    57
       Finesse           |       |       |       |     1 |     3 |     6 |     2 |     2 |     1 ||    15
       Duel              |       |       |       |       |       |       |       |     1 |       ||     1
 Abil: End Transformatio |       |       |       |       |       |       |       |       |     1 ||     1
Evoke: Wand              |       |       |     2 |     1 |     1 |     3 |     4 |     1 |     1 ||    13
       Lightning rod     |       |       |       |       |       |       |     1 |       |       ||     1
       Condenser vane    |       |       |       |       |       |       |     1 |     1 |     1 ||     3
       Tin of tremorston |       |       |       |       |       |       |       |       |     2 ||     2
  Use: Scroll            |       |       |    17 |     5 |     4 |     8 |     5 |     2 |    17 ||    58
       Potion            |       |       |     1 |       |     1 |       |     1 |       |    10 ||    13
 Stab: Sleeping          |       |    14 |    11 |     8 |     7 |    13 |    23 |    11 |       ||    87
       Distracted        |       |       |     3 |       |     2 |     3 |     3 |       |     1 ||    12
       Paralysed         |       |       |       |       |       |     1 |       |       |       ||     1
Armor: Scale mail        |    55 |    57 |       |    51 |    41 |    20 |   160 |   128 |       ||   512
       Ring mail         |       |     8 |    84 |     7 |       |       |       |       |       ||    99
       Chain mail        |       |       |       |    47 |   285 |   296 |       |       |       ||   628
       Plate armour      |       |       |       |       |       |       |       |   159 |     8 ||   167
       Gold dragon scale |       |       |       |       |       |       |       |       |   293 ||   293
       Skin              |       |       |       |       |       |       |       |       |    10 ||    10
Dodge: Dodged            |    44 |    69 |    97 |   164 |   601 |   427 |   292 |   408 |   347 ||  2449
Block: Buckler           |    23 |    60 |     9 |       |       |       |       |       |       ||    92
       Kite shield       |       |       |   217 |   270 |   891 |   790 |   417 |   585 |   570 ||  3740
       Reflection        |       |       |       |       |       |       |       |       |     5 ||     5
